[Event "GER-ch Youth-U10 2022"]
[Site "Willingen"]
[Date "2022.06.05"]
[Round "2.13"]
[White "Khanbekyan, Aram"]
[Black "Allen, Phillipp"]
[Result "0-1"]
[ECO "B13"]
[WhiteElo "998"]
[BlackElo "1467"]
[Annotator "NA RC COMBH"]
[PlyCount "108"]
[EventDate "2022.06.05"]
[EventType "swiss"]
[EventRounds "11"]
[EventCountry "GER"]
[SourceTitle "playchess.com"]
[Source "ChessBase"]
[SourceQuality "1"]
[TimeControl "40/4500+30:900+30"]

1. e4 c6 2. d4 d5 3. exd5 cxd5 4. Bd3 Nc6 5. c3 Nf6 6. Bf4 e6 7. Nf3 Bd6 8. Bxd6 Qxd6 9. O-O O-O 10. Nbd2 Bd7 11. Re1 a6 12. Ne5 b5 13. Re3 Ne7 14. Rg3 Ng6 15. Nxg6 hxg6 16. Nf3 b4 17. Rh3 Bb5 18. Bc2 bxc3 19. bxc3 Rfc8 20. Ne5 Nd7 21. f4 Nxe5 22. dxe5 Qc5+ 23. Kh1 Qf2 24. Rf3 Qe2 25. Bd3 Qxd1+ 26. Rxd1 Rxc3 27. Bxb5 Rxf3 28. gxf3 axb5 29. Rb1 Ra3 30. Rxb5 Rxf3 31. a4 Rxf4 32. a5 Ra4 33. Kg2 Ra3 34. Kf2 d4 35. Ke2 d3+ 36. Kd2 g5 37. h3 Kh7 38. Rb7 Kg6 39. Rb8 Rxa5 40. Rh8 Rxe5 41. Kxd3 f5 42. h4 gxh4 43. Rxh4 Kg5 44. Rh1 Kf6 45. Kd4 Rd5+ 46. Ke3 e5 47. Kf3 e4+ 48. Ke3 Rd3+ 49. Ke2 f4 50. Rf1 Kf5 51. Rh1 g5 52. Rh8 f3+ 53. Kf2 Kg4 54. Re8 e3+ 0-1

[Event "GER-ch Youth-U10 2022"]
[Site "Willingen"]
[Date "2022.06.05"]
[Round "2.14"]
[White "Fischer, Quirin"]
[Black "Peglau, Paul David"]
[Result "0-1"]
[ECO "C01"]
[WhiteElo "1195"]
[BlackElo "1623"]
[Annotator "NA RC COMBH"]
[PlyCount "80"]
[EventDate "2022.06.05"]
[EventType "swiss"]
[EventRounds "11"]
[EventCountry "GER"]
[SourceTitle "playchess.com"]
[Source "ChessBase"]
[SourceQuality "1"]
[TimeControl "40/4500+30:900+30"]

1. e4 e6 2. d4 d5 3. exd5 exd5 4. Bd3 Bd6 5. Ne2 Nf6 6. O-O O-O 7. Bf4 c6 8. Nd2 Be6 9. c4 dxc4 10. Bxc4 Bxf4 11. Nxf4 Bg4 12. Nf3 Bxf3 13. gxf3 Qd6 14. Ne2 Nbd7 15. Ng3 Rad8 16. Kh1 Nb6 17. Bb3 Qxd4 18. Qxd4 Rxd4 19. Rad1 Rfd8 20. Rg1 Rxd1 21. Bxd1 Rd2 22. Nf5 g6 23. Bb3 Nbd5 24. Bxd5 Nxd5 25. Nd6 Rxb2 26. Rf1 b5 27. Kg2 Ne3+ 28. Kg1 Nxf1 29. Kxf1 Rxa2 30. Nb7 a5 31. Nd8 c5 32. Nb7 c4 33. Nd6 c3 34. Nxb5 c2 35. Kg2 c1=Q 36. Nd4 Qe3 37. Nb5 Qxf2+ 38. Kh3 Qxf3+ 39. Kh4 Rxh2+ 40. Kg5 Qf5# 0-1

[Event "GER-ch Youth-U10 2022"]
[Site "Willingen"]
[Date "2022.06.05"]
[Round "2.15"]
[White "Bundan, Edward"]
[Black "Teng, David"]
[Result "0-1"]
[ECO "B49"]
[WhiteElo "1240"]
[BlackElo "1423"]
[Annotator "NA RC COMBH"]
[PlyCount "96"]
[EventDate "2022.06.05"]
[EventType "swiss"]
[EventRounds "11"]
[EventCountry "GER"]
[SourceTitle "playchess.com"]
[Source "ChessBase"]
[SourceQuality "1"]
[TimeControl "40/4500+30:900+30"]

1. e4 c5 2. Nf3 e6 3. d4 cxd4 4. Nxd4 a6 5. Bd3 Nf6 6. Nc3 Qc7 7. O-O Be7 8. Bd2 O-O 9. f4 Bc5 10. Be3 Nc6 11. Be2 b5 12. Qd3 Bb7 13. e5 Ne8 14. Nxc6 Bxe3+ 15. Qxe3 Bxc6 16. a3 d6 17. Bf3 d5 18. Rad1 Qb7 19. f5 Nc7 20. f6 gxf6 21. exf6 Kh8 22. Qh6 Rg8 23. Kh1 Rg6 24. Qh4 Rag8 25. Rd2 Qb6 26. Rdf2 d4 27. Ne4 Nd5 28. Nd6 Qc7 29. Nxf7+ Qxf7 30. Bh5 Ne3 31. Bxg6 Qxg6 32. Rg1 Nxg2 33. Qg3 Ne1+ 34. Rfg2 Bxg2+ 35. Rxg2 Nxg2 36. Qe5 Qf7 37. Qxd4 Rf8 38. Kxg2 Qxf6 39. Qxf6+ Rxf6 40. Kg3 e5 41. Kg4 e4 42. Kg5 Kg7 43. b3 e3 44. h4 e2 45. h5 e1=Q 46. h6+ Kf7 47. c4 Qg1+ 48. Kh4 Rxh6# 0-1

[Event "GER-ch Youth-U10 2022"]
[Site "Willingen"]
[Date "2022.06.05"]
[Round "2.16"]
[White "Lanert, Theodor"]
[Black "Li, Joshua"]
[Result "1-0"]
[ECO "C56"]
[WhiteElo "1306"]
[BlackElo "1599"]
[Annotator "NA RC COMBH"]
[PlyCount "131"]
[EventDate "2022.06.05"]
[EventType "swiss"]
[EventRounds "11"]
[EventCountry "GER"]
[SourceTitle "playchess.com"]
[Source "ChessBase"]
[SourceQuality "1"]
[TimeControl "40/4500+30:900+30"]

1. e4 e5 2. Nf3 Nc6 3. Bc4 Nf6 4. d4 exd4 5. e5 d5 6. Bb5 Qe7 7. O-O Nd7 8. Bg5 Qb4 9. Bxc6 bxc6 10. Qxd4 Qxd4 11. Nxd4 Nxe5 12. Re1 f6 13. Nxc6 Bd6 14. Nxe5 fxe5 15. Bf4 O-O 16. Bxe5 Bc5 17. Bg3 Bf5 18. Nc3 Bb4 19. Re2 Bg4 20. f3 Bc5+ 21. Bf2 Bxf2+ 22. Kxf2 Rab8 23. b3 d4 24. Nd5 Rf7 25. h3 Bh5 26. g4 Bg6 27. h4 h5 28. Ne7+ Kh7 29. Nxg6 Kxg6 30. Re6+ Kh7 31. gxh5 Rbf8 32. Rg1 Rxf3+ 33. Ke2 Rf2+ 34. Kd3 R8f3+ 35. Kxd4 Rh3 36. Rg4 c5+ 37. Kd5 Rd2+ 38. Kc6 Rxc2 39. Re7 c4 40. bxc4 Rd3 41. Rexg7+ Kh8 42. Rxa7 Rd6+ 43. Kxd6 Rd2+ 44. Rd4 Rxd4+ 45. Kc5 Rxh4 46. a4 Rxh5+ 47. Kb6 Rh6+ 48. Kb5 Rh1 49. c5 Rb1+ 50. Kc6 Kg8 51. a5 Rb8 52. a6 Kf8 53. Rb7 Rc8+ 54. Kb6 Ra8 55. a7 Rxa7 56. Kxa7 Ke8 57. c6 Kd8 58. Rh7 Kc8 59. Kb6 Kd8 60. c7+ Kc8 61. Rh6 Kd7 62. Kb7 Ke7 63. c8=Q Kf7 64. Qd7+ Kg8 65. Re6 Kf8 66. Re8# 1-0

[Event "GER-ch Youth-U10 2022"]
[Site "Willingen"]
[Date "2022.06.05"]
[Round "2.17"]
[White "Zhao, Yunsheng"]
[Black "Li, Yunqi"]
[Result "0-1"]
[ECO "B80"]
[WhiteElo "1144"]
[BlackElo "1312"]
[Annotator "NA RC COMBH"]
[PlyCount "80"]
[EventDate "2022.06.05"]
[EventType "swiss"]
[EventRounds "11"]
[EventCountry "GER"]
[SourceTitle "playchess.com"]
[Source "ChessBase"]
[SourceQuality "1"]
[TimeControl "40/4500+30:900+30"]

1. e4 c5 2. Nf3 d6 3. d4 cxd4 4. Nxd4 Nf6 5. Nc3 a6 6. Bd3 e6 7. Be3 b5 8. a4 bxa4 9. Rxa4 Bb7 10. Qe2 Be7 11. O-O O-O 12. Rfa1 Nbd7 13. b4 Qc8 14. Qd2 Ne5 15. f3 Nfd7 16. Be2 Nb6 17. R4a2 Nbc4 18. Bxc4 Nxc4 19. Qd3 d5 20. exd5 exd5 21. b5 a5 22. Nb3 Rd8 23. Nxa5 Nxa5 24. Bb6 Bc5+ 25. Bxc5 Qxc5+ 26. Kh1 Nc4 27. Rxa8 Rxa8 28. Rxa8+ Bxa8 29. Qe2 Qe3 30. Qxe3 Nxe3 31. Kg1 Nxc2 32. Kf2 Kf8 33. Ke2 Ke7 34. Kd3 Ne1+ 35. Kd4 Kd6 36. Ne2 Nxg2 37. Ng3 g6 38. h3 Nf4 39. h4 Ne6+ 40. Kc3 Kc5 0-1

[Event "GER-ch Youth-U10 2022"]
[Site "Willingen"]
[Date "2022.06.05"]
[Round "2.18"]
[White "Rodriguez Klasen, Ennio"]
[Black "Classen, Marnin"]
[Result "1-0"]
[ECO "E01"]
[WhiteElo "1315"]
[BlackElo "1168"]
[Annotator "NA RC COMBH"]
[PlyCount "49"]
[EventDate "2022.06.05"]
[EventType "swiss"]
[EventRounds "11"]
[EventCountry "GER"]
[SourceTitle "playchess.com"]
[Source "ChessBase"]
[SourceQuality "1"]
[TimeControl "40/4500+30:900+30"]

1. Nf3 e6 2. g3 d5 3. Bg2 Nf6 4. O-O Bd6 5. d4 O-O 6. c4 c6 7. Qc2 Re8 8. Nbd2 Nbd7 9. e4 e5 10. cxd5 cxd5 11. exd5 Nxd5 12. Nxe5 Nxe5 13. Bxd5 Ng6 14. Qb3 Re7 15. Ne4 h6 16. Bd2 a5 17. Rfe1 Rb8 18. Nxd6 Qxd6 19. Rxe7 Qxe7 20. Re1 Qc7 21. Re8+ Nf8 22. Qa3 Bd7 23. Qxf8+ Kh7 24. Be4+ g6 25. Qxf7# 1-0

[Event "GER-ch Youth-U10 2022"]
[Site "Willingen"]
[Date "2022.06.05"]
[Round "2.19"]
[White "Wang, Kaiwen"]
[Black "Leonhardt, Max"]
[Result "0-1"]
[ECO "C47"]
[WhiteElo "1151"]
[BlackElo "1114"]
[Annotator "NA RC COMBH"]
[PlyCount "72"]
[EventDate "2022.06.05"]
[EventType "swiss"]
[EventRounds "11"]
[EventCountry "GER"]
[SourceTitle "playchess.com"]
[Source "ChessBase"]
[SourceQuality "1"]
[TimeControl "40/4500+30:900+30"]

1. e4 e5 2. Nf3 Nc6 3. Nc3 Nf6 4. d4 exd4 5. Nxd4 Bb4 6. Nxc6 bxc6 7. Bd3 O-O 8. O-O d5 9. exd5 Bxc3 10. bxc3 cxd5 11. Bg5 h6 12. Bh4 Be6 13. Re1 c6 14. Qe2 Rb8 15. Rab1 Rxb1 16. Rxb1 Re8 17. Qf3 Qe7 18. h3 Rd8 19. Qg3 c5 20. Bxf6 Qxf6 21. Qc7 c4 22. Rb8 Rf8 23. Bh7+ Kxh7 24. Rxf8 Qxc3 25. Qxa7 Qxc2 26. Qa3 Qd2 27. g4 c3 28. Qa8 c2 29. Rh8+ Kg6 30. h4 c1=Q+ 31. Kg2 Qde1 32. h5+ Kg5 33. Qd8+ Kf4 34. Qb8+ Qe5 35. Qb3 Qe4+ 36. Kh3 Qch1# 0-1

[Event "GER-ch Youth-U10 2022"]
[Site "Willingen"]
[Date "2022.06.05"]
[Round "2.20"]
[White "Tak, Rannveer"]
[Black "Antonius, Richard-Malte"]
[Result "1-0"]
[ECO "B25"]
[WhiteElo "1746"]
[BlackElo "1106"]
[Annotator "NA RC COMBH"]
[PlyCount "53"]
[EventDate "2022.06.05"]
[EventType "swiss"]
[EventRounds "11"]
[EventCountry "GER"]
[SourceTitle "playchess.com"]
[Source "ChessBase"]
[SourceQuality "1"]
[TimeControl "40/4500+30:900+30"]

1. e4 c5 2. Nc3 Nc6 3. g3 Nf6 4. Bg2 g6 5. d3 Bg7 6. f4 d6 7. Nf3 Bd7 8. O-O O-O 9. h3 Qc8 10. g4 Ne8 11. Ne2 Nc7 12. c3 Re8 13. Ng3 h6 14. Kh2 Kh7 15. g5 h5 16. Nh4 e6 17. f5 exf5 18. exf5 Be5 19. Bf4 Bxf4 20. Rxf4 Qd8 21. fxg6+ fxg6 22. Rf6 Rg8 23. Nxh5 Be8 24. Nf4 Kg7 25. Nfxg6 Bxg6 26. Rxg6+ Kf8 27. Qf3+ 1-0

[Event "GER-ch Youth-U10 2022"]
[Site "Willingen"]
[Date "2022.06.05"]
[Round "2.21"]
[White "Dotschuweit, Erik"]
[Black "Yao, Haiyang"]
[Result "1-0"]
[ECO "C41"]
[WhiteElo "1323"]
[BlackElo "1098"]
[Annotator "NA RC COMBH"]
[PlyCount "21"]
[EventDate "2022.06.05"]
[EventType "swiss"]
[EventRounds "11"]
[EventCountry "GER"]
[SourceTitle "playchess.com"]
[Source "ChessBase"]
[SourceQuality "1"]
[TimeControl "40/4500+30:900+30"]

1. e4 e5 2. Nf3 d6 3. d4 Nd7 4. Bc4 Be7 5. O-O h6 6. dxe5 dxe5 7. Qd5 Nb6 8. Qxf7+ Kd7 9. Qe6+ Ke8 10. Qg6+ Kd7 11. Nxe5# 1-0

[Event "GER-ch Youth-U10 2022"]
[Site "Willingen"]
[Date "2022.06.05"]
[Round "2.22"]
[White "Fischermann, Simon"]
[Black "Schmidt, Jossip"]
[Result "1-0"]
[ECO "B01"]
[WhiteElo "1344"]
[BlackElo "1085"]
[Annotator "NA RC COMBH"]
[PlyCount "55"]
[EventDate "2022.06.05"]
[EventType "swiss"]
[EventRounds "11"]
[EventCountry "GER"]
[SourceTitle "playchess.com"]
[Source "ChessBase"]
[SourceQuality "1"]
[TimeControl "40/4500+30:900+30"]

1. e4 d5 2. exd5 Qxd5 3. Nc3 Qa5 4. Bc4 c6 5. d4 Qc7 6. Nge2 Nf6 7. Bf4 Qd8 8. a4 Bf5 9. Ng3 Bg6 10. O-O e6 11. Re1 Bd6 12. Bxd6 Qxd6 13. d5 cxd5 14. Nxd5 Nxd5 15. Bxd5 Nc6 16. Be4 Qxd1 17. Raxd1 Bxe4 18. Nxe4 O-O 19. Rd7 b6 20. f4 e5 21. fxe5 Nxe5 22. Rd5 f6 23. b3 Rfd8 24. Red1 Rxd5 25. Rxd5 Rc8 26. c4 a6 27. h3 Kf7 28. Nd6+ 1-0

[Event "GER-ch Youth-U10 2022"]
[Site "Willingen"]
[Date "2022.06.05"]
[Round "2.23"]
[White "Mulgunov, Jefim Nikolaj"]
[Black "Hagn, Tobias"]
[Result "0-1"]
[ECO "C47"]
[WhiteElo "1055"]
[BlackElo "1337"]
[Annotator "NA RC COMBH"]
[PlyCount "56"]
[EventDate "2022.06.05"]
[EventType "swiss"]
[EventRounds "11"]
[EventCountry "GER"]
[SourceTitle "playchess.com"]
[Source "ChessBase"]
[SourceQuality "1"]
[TimeControl "40/4500+30:900+30"]

1. e4 e5 2. Nf3 Nc6 3. Nc3 Nf6 4. d4 exd4 5. Nxd4 Bb4 6. Nxc6 bxc6 7. Bd3 d5 8. exd5 cxd5 9. O-O O-O 10. Bg5 c6 11. h3 h6 12. Bh4 Qd6 13. Ne2 c5 14. c3 Ba5 15. Bb1 Bc7 16. Ng3 Bb7 17. Bxf6 Qxf6 18. Qc2 g6 19. Qd2 Bf4 20. Qd1 Rad8 21. Qc2 d4 22. Nh5 Qg5 23. Nxf4 Qxf4 24. Qd3 dxc3 25. Qxc3 Qg5 26. Qg3 Qxg3 27. fxg3 Rd2 28. a3 Rxg2+ 0-1

[Event "GER-ch Youth-U10 2022"]
[Site "Willingen"]
[Date "2022.06.05"]
[Round "2.24"]
[White "Hellriegel, Hannes"]
[Black "Wolf, Noah"]
[Result "0-1"]
[ECO "B34"]
[WhiteElo "1335"]
[BlackElo "1073"]
[Annotator "NA RC COMBH"]
[PlyCount "92"]
[EventDate "2022.06.05"]
[EventType "swiss"]
[EventRounds "11"]
[EventCountry "GER"]
[SourceTitle "playchess.com"]
[Source "ChessBase"]
[SourceQuality "1"]
[TimeControl "40/4500+30:900+30"]

1. e4 c5 2. Nf3 g6 3. d4 cxd4 4. Nxd4 Bg7 5. Be3 Nc6 6. c3 Nf6 7. Nd2 O-O 8. Bc4 e6 9. a4 d5 10. Nxc6 bxc6 11. Bd3 dxe4 12. Nxe4 Qc7 13. Qf3 Nxe4 14. Bxe4 Ba6 15. Bxc6 Rac8 16. Rc1 Qxc6 17. Qxc6 Rxc6 18. Bxa7 Bh6 19. Be3 Bxe3 20. fxe3 Rb8 21. b4 Rxb4 22. a5 Rb2 23. g3 Re2+ 24. Kf1 Rc2+ 25. Kg1 Rxc1+ 26. Kg2 R6xc3 27. Rxc1 Rxc1 28. e4 Rf1 29. e5 f5 30. g4 f4 31. g5 f3+ 32. Kg3 f2 33. h4 Kf8 34. h5 Rg1+ 35. Kxf2 Rxg5 36. h6 Rg4 37. Ke1 Rg2 38. Kd1 Ke7 39. Kc1 Kd7 40. Kb1 Kc6 41. Ka1 Kb5 42. Kb1 Kc4 43. Kc1 Kc3 44. Kb1 g5 45. Ka1 Kb3 46. Kb1 Rg1# 0-1

[Event "GER-ch Youth-U10 2022"]
[Site "Willingen"]
[Date "2022.06.05"]
[Round "2.25"]
[White "Meurer, Knut"]
[Black "Wagener, Nicolas"]
[Result "0-1"]
[ECO "D38"]
[WhiteElo "998"]
[BlackElo "1315"]
[Annotator "NA RC COMBH"]
[PlyCount "98"]
[EventDate "2022.06.05"]
[EventType "swiss"]
[EventRounds "11"]
[EventCountry "GER"]
[SourceTitle "playchess.com"]
[Source "ChessBase"]
[SourceQuality "1"]
[TimeControl "40/4500+30:900+30"]

1. d4 d5 2. c4 e6 3. Nc3 Bb4 4. Nf3 Nf6 5. Bg5 h6 6. Bxf6 Qxf6 7. e3 O-O 8. Bd3 c5 9. cxd5 exd5 10. a3 Bxc3+ 11. bxc3 Bg4 12. O-O Bxf3 13. Qxf3 Qxf3 14. gxf3 c4 15. Bf5 Nc6 16. Bd7 Rfd8 17. Bxc6 bxc6 18. e4 dxe4 19. fxe4 Re8 20. e5 c5 21. Rac1 Rad8 22. Rfe1 cxd4 23. Re4 d3 24. Rxc4 d2 25. Rd1 Rxe5 26. Kf1 Rh5 27. Kg1 Ra5 28. a4 Re5 29. Kf1 Rdd5 30. Rc8+ Kh7 31. Rc7 Rh5 32. Ke2 Rxh2 33. Rxd2 Rxd2+ 34. Kxd2 Rxf2+ 35. Ke3 Rc2 36. Kd3 Ra2 37. Rxa7 h5 38. Rxf7 Rxa4 39. Rf3 h4 40. c4 Ra3+ 41. Ke4 Rxf3 42. Kxf3 Kg8 43. c5 Kf7 44. Kg4 g5 45. Kxg5 h3 46. c6 Ke6 47. Kg4 h2 48. c7 Kd7 49. Kg3 h1=Q 0-1

[Event "GER-ch Youth-U10 2022"]
[Site "Willingen"]
[Date "2022.06.05"]
[Round "2.26"]
[White "Wetzig, Karl Anton"]
[Black "Rinke, Alexander"]
[Result "0-1"]
[ECO "B10"]
[WhiteElo "884"]
[BlackElo "1292"]
[Annotator "NA RC COMBH"]
[PlyCount "87"]
[EventDate "2022.06.05"]
[EventType "swiss"]
[EventRounds "11"]
[EventCountry "GER"]
[SourceTitle "playchess.com"]
[Source "ChessBase"]
[SourceQuality "1"]
[TimeControl "40/4500+30:900+30"]

1. e4 c6 2. Nf3 d5 3. d3 Bg4 4. g3 dxe4 5. Be2 exf3 6. Bxf3 Bxf3 7. Qxf3 Nf6 8. Bf4 e6 9. Nc3 Be7 10. O-O O-O 11. Rad1 Nd5 12. Nxd5 Qxd5 13. Qxd5 cxd5 14. Rfe1 Nc6 15. c3 Rac8 16. d4 Na5 17. b3 Rxc3 18. Bd2 Rc2 19. Bxa5 Rxa2 20. Ra1 Rxa5 21. Rxa5 Bb4 22. Rea1 Bxa5 23. Rxa5 a6 24. b4 Rc8 25. b5 axb5 26. Rxb5 Rc7 27. Ra5 Kf8 28. Kf1 Ke7 29. Ke2 Rc4 30. Kd3 Kd6 31. Ra8 b5 32. Ra1 Kc6 33. Ra6+ Kb7 34. Ra2 b4 35. Rb2 Kb6 36. Ra2 Rc3+ 37. Kd2 Ra3 38. Rb2 Kb5 39. Kc2 Kc4 40. h4 b3+ 41. Kd2 Ra2 42. Rxa2 bxa2 43. g4 a1=Q 44. Ke3 0-1

[Event "GER-ch Youth-U10 2022"]
[Site "Willingen"]
[Date "2022.06.06"]
[Round "3.2"]
[White "Rau, Eduard"]
[Black "Kateryniuk, Ivan"]
[Result "0-1"]
[ECO "C42"]
[WhiteElo "1406"]
[BlackElo "1187"]
[Annotator "NA RC COMBH"]
[PlyCount "136"]
[EventDate "2022.06.05"]
[EventType "swiss"]
[EventRounds "11"]
[EventCountry "GER"]
[SourceTitle "playchess.com"]
[Source "ChessBase"]
[SourceQuality "1"]
[TimeControl "40/4500+30:900+30"]

1. e4 e5 2. Nf3 Nf6 3. Nc3 Bb4 4. Nxe5 O-O 5. Nd3 Bxc3 6. dxc3 Nxe4 7. Be2 d5 8. O-O Bf5 9. Bf4 c6 10. f3 Nf6 11. Nc5 Re8 12. Re1 Nbd7 13. Nxb7 Qb6+ 14. Kh1 Qxb7 15. g4 Bg6 16. b3 Qb6 17. c4 Rad8 18. Qd2 Nxg4 19. cxd5 Bf5 20. Bc4 Nf2+ 21. Kg2 Bh3+ 22. Kg3 cxd5 23. Be3 Qg6+ 24. Bg5 dxc4 25. Kxf2 Ne5 26. Qxd8 Rxd8 27. Bxd8 Qg2+ 28. Ke3 Qxf3+ 29. Kd4 Nc6+ 30. Kc5 h6 31. Bc7 cxb3 32. cxb3 Bg2 33. Rad1 Qc3+ 34. Kd6 Nd4 35. Bb8 Qc6+ 36. Ke7 Qb7+ 37. Kd6 Nb5+ 38. Kc5 Qxb8 39. Rd2 Qb6+ 40. Kc4 Na3+ 41. Kc3 Qc5+ 42. Kb2 Nb5 43. Rc2 Qd4+ 44. Kc1 Be4 45. Rc4 Qa1+ 46. Kd2 Qxa2+ 47. Kc1 Qb1+ 48. Kd2 Qd3+ 49. Kc1 Nc3 50. Rexe4 Qb1+ 51. Kd2 Nxe4+ 52. Ke3 Qxb3+ 53. Kd4 Qxc4+ 54. Kxc4 f5 55. h4 f4 56. Kd4 a5 57. Kxe4 a4 58. h5 a3 59. Kxf4 a2 60. Kf5 a1=Q 61. Ke4 Qc3 62. Kf5 Qe3 63. Kg4 Qf2 64. Kh3 Qg1 65. Kh4 Kf7 66. Kh3 Kf6 67. Kh4 Kf5 68. Kh3 Ke5 0-1

[Event "GER-ch Youth-U10 2022"]
[Site "Willingen"]
[Date "2022.06.06"]
[Round "3.4"]
[White "Allen, Phillipp"]
[Black "Zhang, Yibo"]
[Result "0-1"]
[ECO "C90"]
[WhiteElo "1467"]
[BlackElo "1436"]
[Annotator "NA RC COMBH"]
[PlyCount "91"]
[EventDate "2022.06.05"]
[EventType "swiss"]
[EventRounds "11"]
[EventCountry "GER"]
[SourceTitle "playchess.com"]
[Source "ChessBase"]
[SourceQuality "1"]
[TimeControl "40/4500+30:900+30"]

1. e4 e5 2. Nf3 Nc6 3. Bb5 a6 4. Ba4 Nf6 5. d3 b5 6. Bb3 Be7 7. O-O d6 8. c3 O-O 9. Re1 Na5 10. Bc2 c5 11. Nbd2 Nc6 12. Nf1 Qc7 13. Ng3 Rd8 14. Bb3 h6 15. Be3 Be6 16. d4 Bxb3 17. Qxb3 Na5 18. Qd1 Nc4 19. Qc1 Rac8 20. d5 b4 21. b3 Nxe3 22. Qxe3 bxc3 23. Qxc3 g6 24. Nd2 Ra8 25. Nc4 a5 26. a4 Rdb8 27. Na3 Qd7 28. Nb5 h5 29. f3 h4 30. Ne2 g5 31. Qd2 Nh5 32. g4 hxg3 33. Nxg3 Nxg3 34. hxg3 Kg7 35. g4 Rh8 36. Kg2 Rh4 37. Qe2 Rah8 38. Rh1 Bd8 39. Raf1 Qe7 40. Qe3 Qf6 41. Qc1 Be7 42. Na7 Bd8 43. Nc6 Bb6 44. Qe3 Qh6 45. Qc1 Qf6 46. Rd1 0-1

[Event "GER-ch Youth-U10 2022"]
[Site "Willingen"]
[Date "2022.06.06"]
[Round "3.5"]
[White "Kutz, Paul Matti"]
[Black "Vartanian, Roman"]
[Result "0-1"]
[ECO "B50"]
[WhiteElo "1202"]
[BlackElo "1511"]
[Annotator "NA RC COMBH"]
[PlyCount "138"]
[EventDate "2022.06.05"]
[EventType "swiss"]
[EventRounds "11"]
[EventCountry "GER"]
[SourceTitle "playchess.com"]
[Source "ChessBase"]
[SourceQuality "1"]
[TimeControl "40/4500+30:900+30"]

1. e4 c5 2. Nf3 d6 3. c3 Nf6 4. Be2 e6 5. O-O Be7 6. d3 O-O 7. Nbd2 Qc7 8. Re1 Nbd7 9. d4 b6 10. Bd3 Bb7 11. e5 dxe5 12. dxe5 Ng4 13. Nc4 Bxf3 14. Qxf3 Ngxe5 15. Bxh7+ Kxh7 16. Qh5+ Kg8 17. Nxe5 Nxe5 18. Rxe5 g6 19. Qe2 Bd6 20. Re3 Bxh2+ 21. Kh1 Bf4 22. Rh3 Kg7 23. b4 cxb4 24. Bb2 Be5 25. Qd2 Rh8 26. cxb4 Rxh3+ 27. gxh3 Rh8 28. Rc1 Rxh3+ 29. Kg1 Qb8 30. Qf4 Rh5 31. Rd1 Qc7 32. Rc1 Qd6 33. Bxe5+ Qxe5 34. Qxe5+ Rxe5 35. Rc7 a5 36. Rb7 axb4 37. Rxb6 Ra5 38. Rxb4 Rxa2 39. Rb7 g5 40. Kg2 Ra4 41. Rb5 Kf6 42. Rb3 Kf5 43. Rb5+ e5 44. Rb7 f6 45. Rb5 Ra3 46. Rb8 Kf4 47. Rb4+ e4 48. Rb6 f5 49. Rh6 Ra2 50. Re6 Re2 51. Kf1 Kf3 52. Rf6 Rxf2+ 53. Kg1 Kg3 54. Rc6 g4 55. Rc3+ Rf3 56. Rc2 Kf4 57. Rc8 Rd3 58. Rc2 g3 59. Rc8 Kf3 60. Rc1 e3 61. Rf1+ Kg4 62. Re1 f4 63. Kh1 f3 64. Ra1 Rd4 65. Re1 f2 66. Kg2 fxe1=N+ 67. Kg1 Kf3 68. Kh1 Rd1 69. Kg1 Nd3# 0-1

[Event "GER-ch Youth-U10 2022"]
[Site "Willingen"]
[Date "2022.06.06"]
[Round "3.6"]
[White "Peglau, Paul David"]
[Black "Campora, Daniel H."]
[Result "1/2-1/2"]
[ECO "D02"]
[WhiteElo "1623"]
[BlackElo "2397"]
[Annotator "TA"]
[PlyCount "48"]
[EventDate "2022.06.05"]
[EventType "swiss"]
[EventRounds "11"]
[EventCountry "GER"]
[SourceTitle "playchess.com"]
[Source "ChessBase"]
[SourceQuality "1"]
[TimeControl "40/4500+30:900+30"]

1. d4 d5 2. Nf3 c5 3. e3 a6 4. Be2 Nc6 5. O-O Nf6 6. c4 {[%emt 0:07:56] [#] D02: 1 d4 d5 2 Nf3 sidelines, including 2...Nf6 3 g3 and 2...Nf6 3 Bf4.} cxd4 $146 ({Predecessor:} 6... e6 7. Nc3 dxc4 8. Bxc4 b5 9. Be2 c4 10. e4 Be7 11. d5 exd5 12. exd5 Nb4 13. a4 Rb8 14. Bf4 Bd6 15. Bxd6 Qxd6 16. axb5 axb5 {1-0 (61) Bermejo Redondo,O (1896)-Petru,L (1829) Madrid 2013}) 7. exd4 dxc4 8. Bxc4 e6 9. Nc3 Nb4 {[%emt 0:04:14] Prevents d5.} (9... b5 $11 10. Bd3 Nb4) 10. Bg5 $16 {[%emt 0:03:02] Threatens to win with Bxf6.} Be7 11. Qe2 ({White should play} 11. Bxf6 $16 Bxf6 12. Qa4+ Nc6 13. d5 exd5 14. Rae1+ (14. Nxd5 O-O $11) 14... Be6 15. Bxd5) 11... O-O $11 {[%emt 0:01:13] The position is equal.} 12. Rfd1 b5 13. Bb3 Bb7 {[%emt 0:01:22] Against d5} 14. Rac1 Nbd5 15. Nxd5 Bxd5 16. Ne5 Re8 17. Bxd5 (17. Bxf6 {is more complex.} Bxf6 18. Bxd5 Qxd5 19. Rc7) 17... Nxd5 18. Bxe7 Qxe7 19. a3 Rac8 20. Qf3 Nf6 21. Rc6 Qa7 22. Rdc1 Rxc6 23. Nxc6 Qd7 24. Qf4 Nd5 {[%emt 0:02:06] Weighted Error Value: White=0.11 (very precise) /Black=0.10 (very precise)} 1/2-1/2

[Event "GER-ch Youth-U10 2022"]
[Site "Willingen"]
[Date "2022.06.06"]
[Round "3.7"]
[White "Junge, Mattheo Gabriel"]
[Black "Lanert, Theodor"]
[Result "1-0"]
[ECO "B13"]
[WhiteElo "1132"]
[BlackElo "1306"]
[Annotator "NA RC COMBH"]
[PlyCount "109"]
[EventDate "2022.06.05"]
[EventType "swiss"]
[EventRounds "11"]
[EventCountry "GER"]
[SourceTitle "playchess.com"]
[Source "ChessBase"]
[SourceQuality "1"]
[TimeControl "40/4500+30:900+30"]

1. e4 c6 2. Nf3 d5 3. exd5 cxd5 4. d4 Bg4 5. Be3 Nc6 6. Nbd2 Nf6 7. Bd3 a6 8. c3 e5 9. dxe5 Nxe5 10. Be2 Nxf3+ 11. Bxf3 Bxf3 12. Nxf3 Be7 13. O-O O-O 14. Qb3 Qc7 15. Bg5 Rad8 16. Bxf6 Bxf6 17. Rad1 Qc6 18. Nd4 Bxd4 19. Rxd4 Rd7 20. Rfd1 Rfd8 21. h3 h6 22. R1d3 Qc5 23. Qd1 b5 24. b3 Re8 25. Rxd5 Rxd5 26. Rxd5 Re1+ 27. Qxe1 Qxd5 28. f3 Kf8 29. Qc1 Qc5+ 30. Kh1 a5 31. Qd2 Ke7 32. Qe2+ Kd6 33. Qd3+ Ke6 34. Qe4+ Kd6 35. Qf4+ Ke7 36. Qd2 f6 37. Kh2 Qe5+ 38. Kg1 Qc5+ 39. Kf1 a4 40. bxa4 bxa4 41. Qb2 Kd6 42. Qb4 Qxb4 43. cxb4 a3 44. Ke2 Kc6 45. Kd3 Kb5 46. Kc3 f5 47. g4 f4 48. Kb3 g6 49. Kxa3 h5 50. Kb3 hxg4 51. hxg4 g5 52. a4+ Kb6 53. Kc4 Kc6 54. b5+ Kd6 55. a5 1-0

[Event "GER-ch Youth-U10 2022"]
[Site "Willingen"]
[Date "2022.06.06"]
[Round "3.9"]
[White "Chua, Daniel James"]
[Black "Sheng, Ming"]
[Result "1/2-1/2"]
[ECO "B22"]
[WhiteElo "1314"]
[BlackElo "1258"]
[Annotator "NA RC COMBH"]
[PlyCount "66"]
[EventDate "2022.06.05"]
[EventType "swiss"]
[EventRounds "11"]
[EventCountry "GER"]
[SourceTitle "playchess.com"]
[Source "ChessBase"]
[SourceQuality "1"]
[TimeControl "40/4500+30:900+30"]

1. e4 c5 2. d4 cxd4 3. c3 d5 4. exd5 Qxd5 5. cxd4 Nc6 6. Nf3 e5 7. Nc3 Bb4 8. Bd2 Bxc3 9. Bxc3 exd4 10. Nxd4 Nf6 11. Nxc6 Qxc6 12. Bxf6 gxf6 13. Qd4 Qe6+ 14. Be2 Qe5 15. Qd2 Bd7 16. O-O O-O-O 17. f4 Qc5+ 18. Kh1 Bc6 19. Qe1 Rde8 20. Rc1 Qe3 21. Bg4+ Kb8 22. Qxe3 Rxe3 23. Bf3 Bxf3 24. Rxf3 Rxf3 25. gxf3 Rd8 26. b3 Rd4 27. Rc4 Rd1+ 28. Kg2 Rd2+ 29. Kg3 Rxa2 30. Re4 Rc2 31. Re7 Rc7 32. Re8+ Rc8 33. Re7 Rc7 1/2-1/2